 Dungeon Crawl Stone Soup version 0.27.1-33-g824d729ab1 (webtiles) character file.

Game seed: 6636784676498651786

172 demibob the Slasher (level 5, -4/41 HPs)
             Began as a Demonspawn Berserker on Nov 24, 2021.
             Was a Priest of Trog.
             Killed from afar by Ijyb (19 damage)
             ... with a bolt of acid
             ... on level 4 of the Dungeon.
             The game lasted 00:05:13 (3795 turns).

demibob the Slasher (Demonspawn Berserker)          Turns: 3795, Time: 00:05:14

Health: -4/41      AC:  2    Str: 17    XL:     5   Next: 27%
Magic:  5/5        EV: 11    Int:  9    God:    Trog [***...]
Gold:   54         SH:  0    Dex: 13    Spells: 4/4 levels left

rFire    . . .     SeeInvis .   a - +0 falchion
rCold    . . .     Faith    .   (no shield)
rNeg     . . .     Spirit   .   i - +0 ring mail
rPois    .         Reflect  .   (no helmet)
rElec    .         Harm     .   e - +0 cloak
rCorr    .         Rampage  .   (no gloves)
Will     .....                  (no boots)
Stlth    +.........             (no amulet)
HPRegen  0.13/turn              (no ring)
MPRegen  0.09/turn              (no ring)

@: corroded, attractive
A: talons 2
a: Renounce Religion, Berserk, Trog's Hand


You were on level 4 of the Dungeon.
You worshipped Trog.
Trog was most pleased with you.
You visited 1 branch of the dungeon, and saw 4 of its levels.

You collected 54 gold pieces.


Innate Abilities, Weirdness & Mutations

You have razor-sharp toenails.


   Skills:
 - Level 3.0 Fighting
 * Level 5.1 Long Blades
 - Level 1.7 Armour
 - Level 1.7 Dodging
 + Level 1.8 Evocations


You had 4 spell levels left.
You didn't know any spells.
Your spell library was empty.

Inventory:

Hand Weapons
 a - a +0 falchion (weapon)
Missiles
 b - 3 atropa-tipped darts
 f - 22 poisoned darts (quivered)
Armour
 e - a +0 cloak (worn)
 i - a +0 ring mail (worn)
Wands
 h - a wand of iceblast (11)
Scrolls
 c - 2 scrolls of teleportation {@r2}
 d - 2 scrolls of fog
 g - 2 scrolls of identify {@r1}
Potions
 j - a potion of might
 k - a potion of attraction

Dungeon Overview and Level Annotations

Branches:
Dungeon (4/15)
 Temple: D:4-7

Altars:

Annotations:
D:4 Ijyb

####
#.. #.#
#<# #@#
#.# ...
...[.
##.g.##
##.##
#.# #..


You could see Ijyb.


Message History

k - 2 green potions
Things that are here:
13 stones; a hobgoblin corpse You see here a +0 dagger.
There is a stone staircase leading down here.
You climb downwards.
You hear the hiss of flowing sand.
There is an entrance to an ossuary on this level.
Hurry and find it before the portal is buried!
The lemure shouts!
Found 24 sling bullets.
There is a stone staircase leading up here.
Okay, then.
You climb upwards.
There is a stone staircase leading down here.
There is a stone staircase leading down here.
You climb downwards.
You hear the hiss of flowing sand.
There is an entrance to an ossuary on this level.
Hurry and find it before the portal is buried!
Ijyb shouts!
Found a chain mail.
There is a stone staircase leading up here.
Ijyb zaps a wand.
The bolt of acid hits you! The acid corrodes you!
You are splashed with acid!
* * * LOW HITPOINT WARNING * * *
You are too injured to fight recklessly!
Unknown command.
It was a potion of attraction.
You feel attractive to monsters.
Ijyb zaps a wand.
The bolt of acid hits you!!
You die...

Skill      XL: |  1  2  3  4 |
---------------+-------------+-----
Long Blades    | 3 4 5 |  5.1
Evocations     | 1 |  1.8
Fighting       | |  3.0
Armour         | |  1.7
Dodging        | |  1.7

Action                   |  1- 3 |  4- 6 || total
-------------------------+-------+-------++-------
Melee: Falchion          |   123 |    59 ||   182
       Kick              |    20 |    17 ||    37
Invok: Berserk           |       |     1 ||     1
  Use: Scroll            |     4 |     3 ||     7
       Potion            |       |     1 ||     1
 Stab: Sleeping          |     3 |       ||     3
Armor: Animal skin       |    41 |     6 ||    47
       Ring mail         |       |    17 ||    17
Dodge: Dodged            |   101 |    45 ||   146
       Rpst.: Falchion   |    30 |    16 ||    46

Levels and vault maps discovered:
D:1:      dpeg_arrival_leaves_temple_mockup, layout_loops_ring,
          minmay_split_cup_small
D:2:      layout_basic, ebering_ecumenical_altar_hall
D:3:      layout_loops_ring, serial_bayou_lagoon_b
D:4:      layout_loops_ring, gammafunk_ghost_split,
          nicolae_ossuary_entry_monument, minmay_lizard_king, uniq_pikel,
          uniq_ijyb, uniq_edmund

Notes
Turn   | Place    | Note
-------+----------+-------------------------------------------
     0 | D:1      | demibob the Demonspawn Berserker began the quest for the
                  | Orb.
     0 | D:1      | Reached XP level 1. HP: 18/18 MP: 1/1
   288 | D:1      | Reached skill level 3 in Long Blades
   498 | D:1      | Gained mutation: You have sharp toenails. [demonic
                  | ancestry]
   498 | D:1      | Reached XP level 2. HP: 21/24 MP: 2/2
   994 | D:1      | Reached ** piety under Trog
  1002 | D:1      | Gained mutation: You have razor-sharp toenails. [demonic
                  | ancestry]
  1002 | D:1      | Reached XP level 3. HP: 19/29 MP: 3/3
  1315 | D:1      | Reached skill level 4 in Long Blades
  1927 | D:2      | HP: 2/29 [poisoned by an adder]
  2130 | D:2      | Reached XP level 4. HP: 24/35 MP: 4/4
  2276 | D:2      | Reached skill level 1 in Evocations
  2413 | D:2      | Found a faded altar of an unknown god.
  2814 | D:3      | Reached skill level 5 in Long Blades
  2814 | D:3      | Reached XP level 5. HP: 35/41 MP: 5/5
  3243 | D:3      | Reached *** piety under Trog
  3763 | D:4      | Noticed a lemure
  3764 | D:4      | Noticed a lemure
  3793 | D:4      | Noticed Ijyb
  3795 | D:4      | Killed from afar by Ijyb

Vanquished Creatures
  An orc priest (D:3)
  5 adders (D:2)
  2 ufetubi (D:3)
  A dart slug (D:3)
  3 orcs (D:3)
  5 endoplasms
  3 giant cockroaches
  9 goblins
  7 hobgoblins
  3 jackals (D:2)
  6 kobolds
  2 quokkas
  8 ball pythons
  9 bats
  6 frilled lizards
  9 rats
79 creatures vanquished.

Vanquished Creatures (others)
  7 plants (D:3)
7 creatures vanquished.

Grand Total: 86 creatures vanquished

Table legend: (Time is in decaauts)
 A = Elapsed time spent in this place.
 B = Non-inter-level travel time spent in this place.
 C = Inter-level travel time spent in this place.
 D = Time resting spent in this place.
 E = Time spent auto-exploring this place.
 F = Levels seen in this place.
 G = Mean time per level.
                   A        B        C        D        E       F      G
               +--------+--------+--------+--------+--------+-----+--------+
         Total |   3849 |   3690 |    159 |   1018 |   2166 |   4 |  962.2 |
       Dungeon |   3849 |   3690 |    159 |   1018 |   2166 |   4 |  962.2 |
               +--------+--------+--------+--------+--------+-----+--------+

Top non-repeatable levels by time:
     D:1: 1527 daAuts
     D:2: 1391 daAuts
     D:3: 926 daAuts
     D:4: 4 daAuts

Table legend:
 A = Non-vault XP
 B = Vault XP
 C = Vault XP percentage of total XP
 D = Non-vault monster count
 E = Vault monster count
 F = Vault count percentage of total count
                 A         B        C        D         E       F
            +---------+---------+-------+---------+---------+-------
      Total |     240 |       6 |   2.4 |      76 |       3 |   3.8
            +---------+---------+-------+---------+---------+-------
        D:1 |      48 |       6 |  11.1 |      30 |       3 |   9.1
        D:2 |      99 |       0 |   0.0 |      23 |       0 |   0.0
        D:3 |      93 |       0 |   0.0 |      23 |       0 |   0.0
            +---------+---------+-------+---------+---------+-------
